 Dungeon Crawl Stone Soup version 0.29.1-12-g30fa7ad0bf (webtiles) character file.

Game seed: 8651096398905944073

2279 Jushak the Trooper (level 9, -5/70 (79) HPs)
             Began as a Grey Draconian Conjurer on Jan 10, 2023.
             Was a Believer of Sif Muna.
             Succumbed to their own poison gas
             ... on level 8 of the Dungeon.
             The game lasted 01:13:34 (12226 turns).

Jushak the Trooper (Grey Draconian Conjurer)       Turns: 12226, Time: 01:13:34

HP:   -5/70 (79)    AC: 14    Str: 10    XL:     9   Next: 16%
MP:   7/15          EV: 12    Int: 23    God:    Sif Muna [**....]
Gold: 316           SH:  0    Dex:  9    Spells: 2/16 levels left

rFire   + . .      SeeInvis .   o - staff of fire
rCold   . . .      Faith    .   (no shield)
rNeg    . . .      Spirit   .   (body armour unavailable)
rPois   .          Reflect  .   h - +1 hat
rElec   .          Harm     .   (no cloak)
rCorr   .          Rampage  .   (no gloves)
Will    .....                   p - +0 pair of boots
Stlth   ++........              (no amulet)
HPRegen 0.21/turn               (no ring)
MPRegen 0.14/turn               (no ring)

@: lethally poisoned (-5 -> -35), weak-willed, hasted and slowed, heavily
drained, invisible
A: AC +12, amphibious, unfitting armour, cold-blooded
a: Renounce Religion, Channel Magic


You were on level 8 of the Dungeon.
You worshipped Sif Muna.
Sif Muna was pleased with you.
You visited 2 branches of the dungeon, and saw 10 of its levels.
You also visited: Sewer and Ossuary.

You collected 409 gold pieces.
You spent 93 gold pieces at shops.

Inventory:

Hand Weapons
 g - a +1 mace
 v - a +1 short sword of holy wrath
 F - a +0 vampiric whip
Missiles
 u - 26 poisoned darts
 y - 2 curare-tipped darts
Armour
 h - a +1 hat (worn)
 p - a +0 pair of boots (worn)
Magical Staves
 d - a staff of poison
 o - a staff of fire (weapon)
Jewellery
 E - the amulet "Ripnepru" {Spirit rN+ Str+6}
   (You took it off an orc priest on level 7 of the Dungeon)

   [amulet of guardian spirit]

   It causes incoming damage to be divided between your reserves of health and
   magic.
   Str:       It affects your strength (+6).
   rN:        It protects you from negative energy.
Wands
 k - a wand of iceblast (8)
 r - a wand of paralysis (10)
Scrolls
 b - 4 scrolls of enchant armour
 c - a scroll of enchant weapon
 A - a scroll of magic mapping
Potions
 a - 2 potions of magic
 e - 2 potions of resistance {unknown}
 f - 3 potions of mutation
 i - 2 potions of cancellation {unknown}
 j - 2 potions of lignification {unknown}
 l - 2 potions of flight {unknown}
 n - a potion of curing {unknown}
 q - 2 potions of haste
 w - a potion of heal wounds
 z - a potion of invisibility
 C - 3 potions of brilliance {unknown}
 D - a potion of ambrosia {unknown}


   Skills:
 - Level 7.0 Fighting
 + Level 3.5 Dodging
 - Level 3.0 Stealth
 - Level 4.1 Spellcasting
 + Level 5.9 Conjurations
 + Level 3.6 Hexes
 - Level 5.0 Ice Magic
 * Level 2.5 Invocations


You had 2 spell levels left.
You knew the following spells:

 Your Spells              Type           Power      Damage    Failure   Level
a - Magic Dart            Conj           100%       1d8       1%          1
b - Searing Ray           Conj           64%        2d6       1%          2
c - Ozocubu's Armour      Ice            27%        N/A       4%          3
d - Iskenderun's Mystic   Conj/Tloc      18%        2d6       30%         4
e - Fulminant Prism       Conj/Hex       13%        3d9       14%         4

Your spell library contained the following spells:

 Spells                   Type           Power      Damage    Failure   Level
 Static Discharge         Conj/Air       18%        3-6/arc   4%          2
 Sublimation of Blood     Necr           4%         N/A       16%         2
 Dazzling Flash           Conj/Hex       52%        N/A       4%          3
 Sticky Flame             Conj/Fire      27%        2d5       30%         4
 Irradiate                Conj/Tmut      9%         3d14      63%         5
 Dispel Undead            Necr           4%         3d7       71%         4
 Petrify                  Tmut/Erth      4%         N/A       71%         4
 Ozocubu's Refrigeration  Ice            13%        4d10      100%        7


Dungeon Overview and Level Annotations

Branches:
Dungeon (9/15)             Temple (1/1) D:5           Sewer (visited)
Ossuary (visited)
   Lair: D:8-11         Orc: D:9-12

Altars:
Ashenzari
Dithmenos
Fedhas
Gozag
Hepliaklqana
Kikubaaqudgha
Makhleb
Nemelex Xobeh
Okawaru
Qazlal
Ru
Sif Muna
Uskayaw
Vehumet
Wu Jian
Xom
Yredelemnul
Zin

Shops:
D:1 (   D:4 ?

Annotations:
D:6 Dowan, Duvessa


Innate Abilities, Weirdness & Mutations

Your dull iron-grey scales are very hard. (AC +12)
You are amphibious.
You cannot fit into any form of body armour.
You are cold-blooded and may be slowed by cold attacks.


Message History

You fade into invisibility!
The yak is engulfed in poison gas.
The yak is poisoned.
The wight closely misses you. The wight misses you. x2
The wight hits you but does no damage.
Really walk into that cloud of poison gas?
Okay, then.
You feel much better. The wight hits you but does no damage.
The wight misses you.
The wight hits you with a +4 dagger of freezing.
You feel as though you will be slow longer.
The wight freezes you. The wight hits you but does no damage.
The wight closely misses you.
The orc throws a boomerang.
The boomerang barely misses the orc wizard.
The boomerang hits the wight.
The wight zaps a wand.
The wight suddenly stops moving!
The wight barely misses you. x2
The wight closely misses you.
The wight hits you with a +4 dagger of freezing.
You feel as though you will be slow longer.
The wight freezes you. The wight completely misses you.
You feel yourself speed up. The wight closely misses you.
The wight hits you with a +0 dagger.
The orc wizard casts a spell.
The orc wizard flickers and vanishes!
Deactivating autopickup; reactivate with Ctrl-A.
The wight closely misses you. The wight barely misses you.
The wight closely misses you.
Really walk into that cloud of poison gas?
Found a stone staircase leading down.
You are poisoned.
You feel very sick.
The yak is engulfed in poison gas.
The yak is poisoned.
The wight hits you with a +4 dagger of freezing.
* * * LOW HITPOINT WARNING * * *
You feel drained.
* * * LOW HITPOINT WARNING * * *
You feel as though you will be slow longer.
The wight freezes you.
* * * LOW HITPOINT WARNING * * *
You are more poisoned.
* * * LOW HITPOINT WARNING * * *
You die...

#...............,,,,* ##.#
...........#Y..#.,.## #y.#
............##....§§# #.##
...........§.##...§§# #y#
...........§☼..,..§☼# #y#
...####.####§§##..☼§#######Y#
...* #.####°○○.,.°z.,...#.Y#####
.#,***#...>§○○§☼##.#***#c#o##....
,*,,,,,****#§§§§@☼§## #..YY.....
,**,**,,,.......#zzz# ##.#.Y....
,**,**,,,.......##z§#####.#.Y....
,,*,**,,,........##z{§..#.#......
,,,,,*,,,..........z§on...#......
,,,,<,,,,.......$z.z##○☼#ooS.....
,****,,,,......###..###○#.#.n....
,,,,,,,,,....##,.......°§........
*****,,**,**,,,.##...##...#.z...#


You could see a necrophage (unable to see you), 7 wights and an orc (unable to
see you).

Vanquished Creatures
  A water moccasin (D:6)
  An ice beast (D:7)
  A phantom (D:4)
  A centaur (D:5)
  6 kobold brigands (Sewer)
  A bullfrog (D:7)
  2 necrophages
  3 scorpions
  A killer bee (D:8)
  A howler monkey (D:4)
  A centaur zombie (Ossuary)
  2 hounds
  2 jellies
  3 orc priests
  2 gnoll boudas
  Jessica (D:2)
  An iguana (D:5)
  Ijyb (D:5)
  5 orc wizards
  6 mummies
  Robin (D:2)
  11 adders
  20 gnolls
  2 river rats (D:5)
  A shadow imp (D:6)
  3 white imps
  An ufetubus (D:5)
  3 worms (Sewer)
  2 dart slugs
  21 orcs
  10 endoplasms
  A giant cockroach (D:2)
  15 goblins
  11 hobgoblins
  2 jackals (D:1)
  4 quokkas
  10 ball pythons
  6 bats
  4 frilled lizards
  4 hobgoblin zombies
  12 kobolds
  11 rats
197 creatures vanquished.

Vanquished Creatures (others)
  A plant (D:1)
1 creature vanquished.

Grand Total: 198 creatures vanquished

Notes
Turn   | Place    | Note
-------+----------+-------------------------------------------
     0 | D:1      | Jushak the Draconian Conjurer began the quest for the Orb.
     0 | D:1      | Reached XP level 1. HP: 14/14 MP: 3/3
   135 | D:1      | Reached skill level 1 in Fighting
   307 | D:1      | Reached skill level 2 in Fighting
   307 | D:1      | Reached XP level 2. HP: 25/25 MP: 0/5
   875 | D:1      | Found Bygov's Antique Weapon Shoppe.
  1043 | D:1      | Found a faded altar of an unknown god.
  1333 | D:2      | Reached skill level 3 in Fighting
  1333 | D:2      | Reached XP level 3. HP: 26/31 MP: 1/6
  1413 | D:2      | Noticed Jessica
  1441 | D:2      | Killed Jessica
  1442 | D:2      | Reached skill level 4 in Fighting
  1678 | D:2      | Learned a level 2 spell: Searing Ray
  1757 | D:2      | Reached XP level 4. HP: 40/40 MP: 4/7
  2465 | D:2      | Noticed Robin
  2478 | D:2      | Killed Robin
  3164 | D:2      | Reached XP level 5. HP: 21/47 MP: 0/8
  3446 | D:2      | Learned a level 3 spell: Ozocubu's Armour
  3715 | D:3      | Reached skill level 1 in Ice Magic
  4630 | D:4      | Reached XP level 6. HP: 55/55 MP: 5/10
  5319 | D:4      | Reached skill level 5 in Fighting
  5405 | D:4      | Found Pafaoxa's Magic Scroll Shop.
  5471 | D:4      | Bought a scroll of blinking for 82 gold pieces
  5471 | D:4      | Bought a scroll of noise for 11 gold pieces
  5972 | D:5      | Entered Level 5 of the Dungeon
  5977 | D:5      | Reached skill level 5 in Conjurations
  6025 | D:5      | Found a glowing drain.
  6040 | D:5      | Your scales start taking on a dull iron-grey colour.
  6040 | D:5      | Reached XP level 7. HP: 61/61 MP: 5/12
  6074 | Sewer    | Entered a sewer
  7305 | Sewer    | Reached skill level 6 in Fighting
  7306 | Sewer    | Reached skill level 5 in Ice Magic
  7443 | Sewer    | Learned a level 4 spell: Iskenderun's Mystic Blast
  7469 | D:5      | Found a staircase to the Ecumenical Temple.
  7477 | Temple   | Entered the Ecumenical Temple
  7607 | Temple   | Learned a level 4 spell: Fulminant Prism
  7621 | Temple   | Became a worshipper of Sif Muna the Loreminder
  7683 | D:5      | Reached XP level 8. HP: 70/70 MP: 5/14
  7812 | D:5      | Reached skill level 1 in Hexes
  8418 | D:5      | Noticed Ijyb
  8450 | D:5      | Killed Ijyb
  9215 | D:6      | Reached * piety under Sif Muna
  9366 | D:6      | Found a sand-covered staircase.
  9374 | Ossuary  | Entered an ossuary
 10009 | D:6      | Noticed Duvessa
 10450 | D:6      | Noticed Dowan
 10661 | D:6      | Reached skill level 1 in Invocations
 10952 | D:7      | Identified the amulet "Ripnepru" {Spirit rN+ Str+6}
 10958 | D:7      | Reached XP level 9. HP: 78/78 MP: 9/15
 10963 | D:7      | Reached ** piety under Sif Muna
 11795 | D:7      | Reached skill level 7 in Fighting
 11843 | D:7      | You fall into a shaft and drop 1 floor!
 12226 | D:8      | HP: 2/70 [something (8)]
 12226 | D:8      | Succumbed to their own poison gas

Illustrated notes

Levels and vault maps discovered:
D:1:      ebering_hopf_link, layout_rooms,
          shapermc_ecumenical_altar_mp_ritualfount, serial_shops, shop_fountains
D:2:      layout_basic, uniq_jessica, uniq_robin
D:3:      layout_rooms
D:4:      layout_loops_ring, serial_shops, nicolae_shop_waterfront
D:5:      layout_cave_pools, minmay_temple_entry_mini_moons,
          portal_sewer_entry_c, hangedman_abyss_or_decor_slice,
          patterned_corridor, uniq_ijyb
D:6:      layout_loops_ring, nicolae_ossuary_entry_giza,
          kennysheep_cross_bottleneck, uniq_duvessa, uniq_eustachio,
          uniq_sigmund
D:7:      layout_basic
D:8:      layout_rooms, mainiacjoe_overflow_six_doors_small
D:9:      layout_stronghold, lair_entry_dummy, uniq_harold
Temple:   compressed_dpeg_circular_temple

Skill      XL: |  1  2  3  4  5  6  7  8  9 |
---------------+----------------------------+-----
Fighting       | 2 3 4 5 6 7 |  7.0
Ice Magic      | 1 3 5 |  5.0
Spellcasting   | 3 4 |  4.1
Conjurations   | 5 |  5.9
Dodging        | 3 |  3.5
Stealth        | 3 |  3.0
Hexes          | 3 |  3.6
Invocations    | 1 2 |  2.5

Action                   |  1- 3 |  4- 6 |  7- 9 || total
-------------------------+-------+-------+-------++-------
Melee: Mace              |    26 |       |       ||    26
       Tailslap          |     4 |     1 |     5 ||    10
       Flail             |     1 |       |       ||     1
       Staff             |       |    14 |    34 ||    48
       Punch             |       |       |     1 ||     1
 Cast: Magic Dart        |    58 |    94 |    85 ||   237
       Searing Ray       |       |    27 |    93 ||   120
       Ozocubu's Armour  |       |       |     3 ||     3
  Use: Scroll            |       |     5 |    15 ||    20
       Potion            |       |       |     5 ||     5
Armor: Skin              |    20 |    23 |    97 ||   140
Dodge: Dodged            |    35 |    37 |   147 ||   219
